 Dungeon Crawl Stone Soup version 0.24.0-2-g5b39cebb1c (webtiles) character file.

Game seed: 17742588834307857467, levelgen mode: deterministic

802 Mrkan the Skirmisher (level 7, -2/61 (62) HPs)
             Began as a Ghoul Fighter on Oct 29, 2019.
             Was a Follower of Wu Jian.
             Slain by an ogre
             ... wielding a +0 giant club
              (10 damage)
             ... on level 5 of the Dungeon.
             The game lasted 00:07:40 (3993 turns).

Mrkan the Skirmisher (Ghoul Fighter)                Turns: 3993, Time: 00:07:40

HP:   -2/61 (62)    AC:  9    Str: 21    XL:     7   Next: 91%
MP:   6/6           EV:  7    Int:  3    God:    Wu Jian [*.....]
Gold: 188           SH:  9    Dex:  9    Spells: 6/6 levels left

rFire    . . .     SeeInvis .     - Unarmed
rCold    + . .     Gourm    .   b - +0 shield
rNeg     + + +     Faith    .   a - +0 scale mail
rPois    ∞         Spirit   .   (no helmet)
rElec    .         Reflect  .   (no cloak)
rCorr    .         Harm     .   v - +0 pair of gloves
MR       .....                  l - +0 pair of boots
Stlth    ..........             (no amulet)
HPRegen  0.00/turn              (no ring)
MPRegen  0.10/turn              (no ring)

@: rotting
A: rotting body, claws 1, carnivore, cold resistance 1, negative energy
resistance 3, inhibited regeneration, torment resistance, unbreathing
a: Renounce Religion


You were on level 5 of the Dungeon.
You worshipped Wu Jian.
Wu Jian was aware of your devotion.
You were not hungry.

You visited 1 branch of the dungeon, and saw 5 of its levels.

You collected 188 gold pieces.

Inventory:

Missiles
 i - 14 poisoned darts (quivered)
Armour
 a - a +0 scale mail (worn)
 b - a +0 shield (worn)
 l - a +0 pair of boots (worn)
 v - a +0 pair of gloves (worn)
Jewellery
 h - an uncursed ring of positive energy {unknown}
 m - an uncursed ring of protection from cold {unknown}
 s - an uncursed ring of fire {unknown}
Wands
 q - a wand of disintegration (15)
Scrolls
 f - a scroll of enchant armour {unknown}
 g - a scroll of remove curse {unknown}
 j - a scroll of amnesia {unknown}
 k - 5 scrolls of identify {unknown}
 p - a scroll of enchant weapon {unknown}
 r - 6 scrolls of teleportation {unknown}
 t - a scroll of noise {unknown}
 w - a scroll of fear {unknown}
Potions
 c - 2 potions of might
 e - 2 potions of mutation {unknown}
 n - 2 potions of cancellation {unknown}
 o - 2 potions of lignification {unknown}
 u - a potion of heal wounds {unknown}
 x - 2 potions of curing {unknown}
 z - a potion of invisibility {unknown}
 A - a potion of flight {unknown}
 B - 2 potions of degeneration {unknown}
Comestibles
 d - 9 rations


   Skills:
 + Level 5.7 Fighting
 + Level 4.7 Armour
 + Level 4.7 Shields
 + Level 5.1 Unarmed Combat


You had 6 spell levels left.
You didn't know any spells.
Your spell library contained the following spells:

 Spells                   Type           Power        Failure   Level  Hunger
 Confusing Touch          Hex            #.....       99%         1    ##.....
 Confuse                  Hex            #.......     100%        3    ####...
 Gell's Gravitas          Tloc           #.........   100%        3    ####...
 Petrify                  Tmut/Erth      #.......     100%        4    #####..
 Metabolic Englaciation   Hex/Ice        #.........   100%        5    ######.
 Yara's Violent Unravell  Hex/Tmut       #.........   100%        5    ######.


Dungeon Overview and Level Annotations

Branches:
Dungeon (5/15)
 Temple: D:4-7

Altars:
Ashenzari
Vehumet
Wu Jian
Xom

Annotations:
D:3 3 runed translucent doors, Shaidar's ghost, amateur GnWn
D:5 Grinder


Innate Abilities, Weirdness & Mutations

Your body is rotting away.
You thrive on raw meat.
You are immune to poison.
You have sharp fingernails.
You are carnivorous and can eat meat at any time.
Your flesh is cold resistant. (rC+)
You are immune to negative energy. (rN+++)
You do not regenerate when monsters are visible.
You are immune to unholy pain and torment.
You can survive without breathing.


Message History

You punch the ogre!
The ogre is severely wounded.
The crimson imp hits you.
You hit the ogre but do no damage.
The ogre is severely wounded.
The ogre closely misses you. The crimson imp barely misses you.
Your shield and scale mail prevent you from hitting the ogre.
The ogre is severely wounded.
The ogre hits you with a +0 giant club.
The crimson imp hits you but does no damage.
You hit the ogre.
The ogre is severely wounded.
You hit the ogre but do no damage.
The ogre is severely wounded.
The ogre hits you with a +0 giant club!
* * * LOW HITPOINT WARNING * * *
You hit the ogre.
The ogre is almost dead.
You block Grinder's attack. The ogre hits you with a +0 giant club!
You die...

#.## ### #... ..#
#5.# #.# #..# #.#
#?.# #.# ## #..# #.#
.#...####..#
#######.##
....wlO@55.#
#.........
.#...#####.#
#.#####.## ## #.#
#.# #.# #.# #.# #.#
#.####.#####.#
#............#
...#########.#######
#.....<...<.#
#############


You could see Grinder, an ogre, a worm, a crimson imp and a leopard gecko.

Vanquished Creatures
  Sigmund (D:4)
  2 phantoms
  An ogre (D:4)
  A scorpion (D:4)
  A hound (D:5)
  An iguana (D:4)
  Natasha (twice) (D:2)
  2 worker ants
  7 adders
  3 oozes
  3 worms
  4 dart slugs
  5 orcs
  8 bats
  6 giant cockroaches
  9 goblins
  8 hobgoblins
  9 jackals
  3 quokkas
  4 frilled lizards
  7 kobolds
  8 rats
95 creatures vanquished.

Notes
Turn   | Place    | Note
-------+----------+-------------------------------------------
     0 | D:1      | Mrkan the Ghoul Fighter began the quest for the Orb.
     0 | D:1      | Reached XP level 1. HP: 19/19 MP: 0/0
   147 | D:1      | Reached XP level 2. HP: 26/26 MP: 1/1
   530 | D:1      | Reached XP level 3. HP: 31/31 MP: 2/2
  1142 | D:2      | Found a faded altar of an unknown god.
  1223 | D:2      | Reached XP level 4. HP: 14/40 MP: 3/3
  1660 | D:2      | Noticed Natasha
  1686 | D:2      | Killed Natasha
  1720 | D:2      | Noticed Natasha
  1730 | D:2      | Killed Natasha
  1730 | D:2      | Reached XP level 5. HP: 40/46 MP: 4/4
  1986 | D:2      | Found an ornate altar of the Wu Jian Council.
  1986 | D:2      | Found a shattered altar of Ashenzari.
  2001 | D:2      | Became a worshipper of the Wu Jian Council
  2229 | D:3      | Found an ornate altar of the Wu Jian Council.
  2231 | D:3      | Found a glowing golden altar of the Shining One.
  2231 | D:3      | Found a radiant altar of Vehumet.
  2233 | D:3      | Found an iron altar of Okawaru.
  2233 | D:3      | Found a shimmering altar of Xom.
  2233 | D:3      | Found a shimmering altar of Xom.
  2276 | D:3      | Found a runed translucent gate.
  2276 | D:3      | Found a runed translucent gate.
  2277 | D:3      | Found a runed translucent gate.
  2292 | D:3      | Noticed Shaidar's ghost (amateur GnWn)
  2448 | D:3      | Reached * piety under Wu Jian
  2665 | D:3      | Reached XP level 6. HP: 45/53 MP: 5/5
  2852 | D:4      | Noticed Sigmund
  2887 | D:4      | Killed Sigmund
  2887 | D:4      | Reached skill level 5 in Fighting
  2887 | D:4      | Reached XP level 7. HP: 11/61 MP: 6/6
  3906 | D:5      | Entered Level 5 of the Dungeon
  3958 | D:5      | Reached skill level 5 in Unarmed Combat
  3968 | D:5      | Noticed Grinder
  3993 | D:5      | Slain by an ogre

Levels and vault maps discovered:
D:1:      dpeg_arrival_shrine, layout_basic
D:2:      layout_loops_ring, gammafunk_temple_overflow_elements,
          chequers_ecumenical_altar_simple, first_ration, uniq_natasha
D:3:      layout_basic, gammafunk_ghost_split, doesnt_xom_only_xom
D:4:      layout_loops_ring, uniq_sigmund
D:5:      layout_loops_ring, uniq_grinder

Skill      XL: |  1  2  3  4  5  6  7 |
---------------+----------------------+-----
Armour         | 3 4 |  4.7
Shields        | 3 4 |  4.7
Unarmed Combat | 3 4 5 |  5.1
Fighting       | 4 5 |  5.7

Action                   |  1- 3 |  4- 6 |  7- 9 || total
-------------------------+-------+-------+-------++-------
Melee: Unarmed           |   134 |   260 |   132 ||   526
Invok: Lunge             |       |     9 |    10 ||    19
       Whirlwind         |       |     1 |       ||     1
  Use: Potion            |       |     1 |       ||     1
  Eat: Chunk             |     8 |     7 |     3 ||    18
Armor: Scale mail        |    56 |   104 |    37 ||   197
Dodge: Dodged            |    31 |    57 |    24 ||   112
Block: Shield            |    48 |    99 |    41 ||   188
